 Dungeon Crawl Stone Soup version 0.28.0-49-g6dfe1f597d (webtiles) character file.

Game seed: 2307690968053594901

156 Zeld the Gusty (level 5, 0/31 HPs)
             Began as a Tengu Air Elementalist on May 18, 2022.
             Slain by a white imp (5 damage)
             ... summoned by Eustachio
             ... on level 4 of the Dungeon.
             The game lasted 00:03:56 (4894 turns).

Zeld the Gusty (Tengu Air Elementalist)             Turns: 4894, Time: 00:03:57

Health: 0/31       AC:  5    Str:  8    XL:     5   Next: 37%
Magic:  0/10       EV: 15    Int: 17    God:
Gold:   14         SH:  0    Dex: 15    Spells: 0/10 levels left

rFire   . . .      SeeInvis .   (no weapon)
rCold   . . .      Faith    .   (no shield)
rNeg    . . .      Spirit   .   a - +0 robe
rPois   .          Reflect  .   (helmet restricted)
rElec   .          Harm     .   g - +2 cloak
rCorr   .          Rampage  .   (no gloves)
Will    .....                   (boots unavailable)
Stlth   ++........              (no amulet)
HPRegen 0.10/turn               q - ring of wizardry
MPRegen 0.12/turn               (no ring)

@: flying quickly and evasively, quick
A: beak, talons 3, nimble flight
a: no special abilities


You were on level 4 of the Dungeon.
You visited 1 branch of the dungeon, and saw 4 of its levels.

You collected 112 gold pieces.
You spent 98 gold pieces at shops.

Inventory:

Armour
 a - a +0 robe (worn)
 g - a +2 cloak (worn)
Jewellery
 q - a ring of wizardry (left hand)
Wands
 m - a wand of flame (19)
Scrolls
 b - a scroll of identify {unknown}
 c - a scroll of fog {unknown}
 d - a scroll of amnesia {unknown}
 e - a scroll of magic mapping {unknown}
 f - a scroll of brand weapon {unknown}
 h - a scroll of enchant weapon {unknown}
 j - a scroll of teleportation {unknown}
 k - 2 scrolls of fear {unknown}
Potions
 i - a potion of degeneration {unknown}
 l - 2 potions of curing
 n - a potion of might
 o - 2 potions of ambrosia {unknown}
 p - a potion of lignification {unknown}


   Skills:
 * Level 2.4 Fighting
 + Level 2.9 Dodging
 - Level 2.0 Stealth
 * Level 3.0 Spellcasting
 - Level 2.0 Conjurations
 * Level 5.2 Air Magic


You couldn't memorise any spells.
You knew the following spells:

 Your Spells              Type           Power      Damage    Failure   Level
a - Shock                 Conj/Air       56%        1d6       1%          1
b - Static Discharge      Conj/Air       14%        N/A       2%          2
c - Swiftness             Air            20%        N/A       2%          3
d - Airstrike             Air            10%        N/A       9%          4

Your spell library contained the following spells:

 Spells                   Type           Power      Damage    Failure   Level


Dungeon Overview and Level Annotations

Branches:
Dungeon (4/15)
 Temple: D:4-7

Altars:

Shops:
D:1 !

Annotations:
D:4 Edmund, Eustachio


Innate Abilities, Weirdness & Mutations

You have a beak for a mouth.
You have claws for feet.
Your magical nature lets you fly swiftly and evasively.


Message History

You hit the river rat but do no damage.
The bat disappears in a puff of smoke!
Eustachio casts a spell.
Eustachio blinks!
The river rat completely misses you.
You hit the river rat but do no damage. The ufetubus misses you.
The ufetubus hits you. The river rat barely misses you.
Unknown command.
You closely miss the river rat.
You claw the river rat, but do no damage.
The ufetubus barely misses you. x3; The ufetubus closely misses you.
The river rat closely misses you.
Unknown command.
You hit the river rat but do no damage. Your kick misses the river rat.
The river rat bites you.
* * * LOW HITPOINT WARNING * * *
Unknown command.
Casting: Static Discharge (safe; 2% risk of failure)
Confirm with . or Enter, or press ? or * to list all spells.
Aiming: Shock (safe; 1% risk of failure)
Press: ? - help, Shift-Dir - straight line The zap misses the river rat.
The river rat misses you. The white imp gestures at you.
The puff of frost misses you.
The puff of frost hits the river rat!
Unknown command.
Unknown command.
Okay, then.
You closely miss the river rat. Your kick misses the river rat.
Your peck misses the river rat.
The river rat is severely wounded.
The river rat completely misses you.
The white imp hits you but does no damage.
Casting: Shock (safe; 1% risk of failure)
Confirm with . or Enter, or press ? or * to list all spells.
Aiming: Shock (safe; 1% risk of failure)
Press: ? - help, Shift-Dir - straight line The zap hits the river rat but does no damage.
The river rat is severely wounded.
The river rat misses you. The white imp hits you.
* * * LOW HITPOINT WARNING * * *
The white imp freezes you.
You die...

#.#
#.......#
#.#
#.###.#.#
#.#
#.##.#..#
#.#
#@#.###.##
#.# #..##
#..## ..#
#.#####...#
#........##
###..##r.#
##ยง#@#.#
#r5##.#
#5###.# #@
#.# #. #.#
.. #.# #.
.# #. #.


You could see Eustachio, a river rat (summoned), a white imp (summoned), an
ufetubus (summoned) and a quokka (summoned).

Vanquished Creatures
  Natasha (thrice) (D:3)
  An adder (D:3)
  2 ufetubi (D:3)
  A dart slug (D:3)
  3 worms
  5 orcs
  11 ball pythons
  4 endoplasms
  5 goblins
  4 hobgoblins
  2 kobolds
  A quokka (D:3)
  2 bats
  4 frilled lizards
  3 rats
51 creatures vanquished.

Notes
Turn   | Place    | Note
-------+----------+-------------------------------------------
     0 | D:1      | Zeld the Tengu Air Elementalist began the quest for the
                  | Orb.
     0 | D:1      | Reached XP level 1. HP: 10/10 MP: 4/4
   461 | D:1      | Found Zegraruu's Distillery.
   463 | D:1      | Reached XP level 2. HP: 16/16 MP: 0/6
   922 | D:1      | Reached skill level 1 in Fighting
  1451 | D:2      | Reached XP level 3. HP: 18/20 MP: 5/7
  1454 | D:2      | Learned a level 2 spell: Static Discharge
  1458 | D:2      | Learned a level 3 spell: Swiftness
  2170 | D:3      | Found a faded altar of an unknown god.
  2715 | D:3      | Reached XP level 4. HP: 26/26 MP: 8/8
  2751 | D:3      | Noticed Natasha
  2777 | D:3      | Killed Natasha
  3081 | D:3      | Noticed Natasha
  3095 | D:3      | Killed Natasha
  3096 | D:3      | Reached skill level 5 in Air Magic
  3096 | D:3      | Gained mutation: Your magical nature lets you fly swiftly
                  | and evasively. [Tengu growth]
  3096 | D:3      | Reached XP level 5. HP: 13/30 MP: 5/10
  3381 | D:3      | Noticed Natasha
  3625 | D:3      | Killed Natasha
  3868 | D:3      | Found a faded altar of an unknown god.
  4199 | D:1      | Bought a potion of curing for 42 gold pieces
  4199 | D:1      | Bought a potion of might for 56 gold pieces
  4848 | D:4      | Noticed Edmund
  4871 | D:4      | Noticed Eustachio
  4877 | D:4      | Learned a level 4 spell: Airstrike
  4894 | D:4      | Slain by a white imp

Illustrated notes

Levels and vault maps discovered:
D:1:      matt_arrival_refuge, layout_basic, serial_shops, nicolae_shop_stone
D:2:      layout_loops_ring
D:3:      layout_basic, dreamdust_ecumenical_altar_angels_and_demons,
          uniq_natasha
D:4:      layout_loops_ring, uniq_edmund, uniq_eustachio, uniq_menkaure

Skill      XL: |  1  2  3  4  5 |
---------------+----------------+-----
Fighting       | 1 2 |  2.4
Conjurations   | 2 |  2.0
Air Magic      | 5 |  5.2
Spellcasting   | 3 |  3.0
Dodging        | |  2.9
Stealth        | |  2.0

Action                   |  1- 3 |  4- 6 || total
-------------------------+-------+-------++-------
Melee: Unarmed           |    20 |    23 ||    43
       Peck              |     5 |     3 ||     8
       Kick              |     5 |     5 ||    10
       Punch             |       |     1 ||     1
 Cast: Shock             |    31 |    11 ||    42
       Static Discharge  |    16 |    26 ||    42
 Stab: Sleeping          |       |     1 ||     1
Armor: Robe              |     4 |     9 ||    13
Dodge: Dodged            |    22 |    45 ||    67
